 Dungeon Crawl Stone Soup version 0.27-a0-1301-g128193abf8 (webtiles) character file.

Game seed: 17172329651610453895

5708 funkygono the Quickloader (level 11, -1/85 HPs)
             Began as a Formicid Hunter on June 17, 2021.
             Was a Priest of Okawaru.
             Slain by a two-headed ogre (20 damage)
             ... on level 9 of the Dungeon.
             The game lasted 00:20:45 (8248 turns).

funkygono the Quickloader (Formicid Hunter)         Turns: 8248, Time: 00:20:46

Health: -1/85      AC: 15    Str: 19    XL:     11   Next: 5%
Magic:  11/12      EV: 10    Int: 12    God:    Okawaru [***...]
Gold:   518        SH:  0    Dex: 11    Spells: 10/10 levels left

rFire    . . .     SeeInvis +   a - +3 whip (flame)
rCold    . . .     Faith    .   (no shield)
rNeg     + . .     Spirit   .   o - +0 chain mail
rPois    .         Reflect  .   (helmet unavailable)
rElec    .         Harm     .   h - scarf {+Inv}
rCorr    .         Rampage  .   e - +1 pair of gloves
Will     +....     Clarity  +   (no boots)
Stlth    ..........             j - amulet of regeneration
HPRegen  1.24/turn              n - ring of wizardry
MPRegen  0.13/turn              r - ring of positive energy

@: lethally poisoned (-1 -> -1), heroic
A: permanent stasis, dig shafts and tunnels, antennae 3, four strong arms,
clarity, subdued magic 1, MP-powered wands
a: Dig, Shaft Self, Renounce Religion, Evoke Invisibility, Heroism


You were on level 9 of the Dungeon.
You worshipped Okawaru.
Okawaru was most pleased with you.
You visited 2 branches of the dungeon, and saw 10 of its levels.

You collected 518 gold pieces.

Inventory:

Hand Weapons
 a - a +3 whip of flaming (weapon)
 b - a +2 hand crossbow
 i - a +0 mace
 m - a +2 vorpal flail
 s - a +2 flail of holy wrath
Missiles
 d - 55 bolts
Armour
 e - a +1 pair of gloves (worn)
 h - a scarf of invisibility (worn)
 o - a +0 chain mail (worn)
 p - the +1 ring mail of the Forest {rC+ Str+3}
   (You found it on level 6 of the Dungeon)

   It affects your strength (+3).
   It protects you from cold.
Jewellery
 j - an amulet of regeneration (around neck)
 n - a ring of wizardry (left hand)
 r - a ring of positive energy (right hand)
 u - a ring of willpower
 v - a ring of ice
 x - a ring of resist corrosion
 y - the ring "Coxoot" {Fire rElec rN+++ Int+4 Dex-5}
   (You found it on level 7 of the Dungeon)

   [ring of fire]

   It enhances your fire magic.
   It affects your intelligence (+4).
   It affects your dexterity (-5).
   It protects you from fire.
   It makes you vulnerable to cold.
   It insulates you from electricity.
   It renders you almost immune to negative energy.
 z - a +6 ring of dexterity
Wands
 k - a wand of acid (6)
Scrolls
 w - a scroll of blinking {unknown}
Potions
 c - a potion of mutation
 f - a potion of brilliance
 g - a potion of cancellation
 l - 2 potions of curing
 t - a potion of attraction
 A - a potion of flight {unknown}


   Skills:
 + Level 7.6(12.6) Fighting
 + Level 0.9(5.9) Short Blades
 + Level 8.3(13.3) Maces & Flails
 + Level 9.3(14.3) Crossbows
 + Level 7.4(12.4) Armour
 + Level 3.2(8.2) Dodging
 + Level 1.2(6.2) Stealth
 + Level 2.3 Invocations


You had 10 spell levels left.
You didn't know any spells.
Your spell library contained the following spells:

 Spells                   Type           Power      Damage    Failure   Level
 Magic Dart               Conj           0%         1d3       58%         1
 Call Imp                 Summ           0%         N/A       73%         2
 Slow                     Hex            0%         N/A       73%         2
 Conjure Flame            Conj/Fire      0%         6-21      91%         3
 Mephitic Cloud           Conj/Pois/Air  0%         N/A       91%         3
 Bolt of Magma            Conj/Fire/Erth 0%         4d4       100%        5
 Iskenderun's Battlesphe  Conj           0%         2d6       100%        5
 Iron Shot                Conj/Erth      0%         9d1       100%        6
 Orb of Destruction       Conj           0%         N/A       100%        7
 Spellforged Servitor     Conj/Summ      0%         N/A       100%        7
 Blink                    Tloc           Unusable   N/A       N/A         2

Dungeon Overview and Level Annotations

Branches:
Dungeon (9/15)             Temple (1/1) D:4            Lair (0/6) D:9
    Orc: D:9-12

Altars:
Ashenzari
Cheibriados
Dithmenos
Elyvilon
Fedhas
Gozag
Hepliaklqana
Kikubaaqudgha
Makhleb
Nemelex Xobeh
Okawaru
Qazlal
Ru
Sif Muna
Trog
Uskayaw
Vehumet
Wu Jian
Xom
Yredelemnul
Zin
The Shining One
Beogh


Innate Abilities, Weirdness & Mutations

You cannot be hasted, slowed, berserked, paralysed or teleported.
You can dig through walls and to a lower floor.
You have a pair of large antennae on your head. (SInv)
Your four strong arms can wield two-handed weapons with a shield.
You possess an exceptional clarity of mind.
Your spells are a little easier to cast, but a little less powerful.
You expend magic power (3 MP) to strengthen your wands.


Message History

You feel sick. The killer bee barely misses you.
You miss the killer bee.
The killer bee is severely wounded.
The killer bee stings you but does no damage.
You hit the killer bee. You burn the killer bee.
The killer bee is almost dead.
You feel sick. The killer bee barely misses you.
You whack the killer bee! You burn the killer bee.
You kill the killer bee!
Okawaru accepts your kill.
You feel sick.
You closely miss the two-headed ogre. You hit the two-headed ogre.
You burn the two-headed ogre.
The two-headed ogre is lightly wounded.
You feel sick. The two-headed ogre barely misses you.
The two-headed ogre hits you with a +0 giant club!!
You barely miss the two-headed ogre.
The two-headed ogre is lightly wounded.
You hit the two-headed ogre. You burn the two-headed ogre.
The two-headed ogre is moderately wounded.
You feel sick.
The two-headed ogre hits you with a +0 giant spiked club!
The two-headed ogre hits you with a +0 giant club.
You hit the two-headed ogre. You burn the two-headed ogre.
The two-headed ogre is moderately wounded.
You hit the two-headed ogre. You burn the two-headed ogre.
The two-headed ogre is heavily wounded.
You feel sick.
You hit the two-headed ogre. You burn the two-headed ogre.
The two-headed ogre is heavily wounded.
The two-headed ogre hits you with a +0 giant spiked club!
* * * LOW HITPOINT WARNING * * *
The two-headed ogre barely misses you.
You hit the two-headed ogre but do no damage.
The two-headed ogre is heavily wounded.
You feel sick.
You hit the two-headed ogre. You burn the two-headed ogre.
The two-headed ogre is heavily wounded.
The two-headed ogre hits you with a +0 giant spiked club!!
You die...

..................##########
.........................$..
.........>..................
<........#########<.........
.........# #.......(..
.........# #..........
.........# #..........
.........#########..........
................@O..........
############################


You could see a two-headed ogre.

Vanquished Creatures
  A two-headed ogre (D:9)
  The ghost of totalnoob the Thaumaturge, a novice DjWr of Makhleb (D:7)
  Pikel (D:3)
  A deep elf pyromancer (D:9)
  A komodo dragon (D:9)
  Prince Ribbit (D:7)
  A wyvern (D:9)
  A steam dragon (D:7)
  2 water moccasins
  A sky beast (D:6)
  2 ice beasts (D:7)
  A black bear (D:8)
  3 necrophages
  3 ogres
  2 centaurs (D:7)
  A phantom (D:5)
  5 bullfrogs
  3 scorpions
  6 killer bees
  4 wights (D:9)
  A centaur zombie (D:8)
  2 hounds
  2 orc priests
  An iguana (D:4)
  2 jellies
  Natasha (D:4)
  4 orc wizards
  A centaur simulacrum (D:7)
  A bullfrog simulacrum (D:7)
  A hound zombie (D:5)
  A hound skeleton (D:5)
  A killer bee simulacrum (D:7)
  7 gnolls
  6 adders
  A shadow imp (D:6)
  4 white imps
  A howler monkey simulacrum (D:7)
  An ufetubus (D:4)
  2 worms
  7 dart slugs
  25 orcs
  5 ball pythons
  9 endoplasms
  5 giant cockroaches
  7 goblins
  5 hobgoblins
  6 jackals
  3 quokkas
  4 bats
  3 frilled lizards
  3 kobolds
  5 rats
168 creatures vanquished.

Vanquished Creatures (others)
  4 plants (D:9)
4 creatures vanquished.

Grand Total: 172 creatures vanquished

Notes
Turn   | Place    | Note
-------+----------+-------------------------------------------
     0 | D:1      | funkygono the Formicid Hunter began the quest for the Orb.
     0 | D:1      | Reached XP level 1. HP: 16/16 MP: 1/1
   332 | D:1      | Reached XP level 2. HP: 12/23 MP: 2/2
   933 | D:1      | Reached XP level 3. HP: 28/28 MP: 3/3
  1037 | D:1      | Found a faded altar of an unknown god.
  1479 | D:2      | Reached XP level 4. HP: 34/34 MP: 4/4
  2172 | D:3      | Reached skill level 1 in Armour
  2444 | D:3      | Reached skill level 5 in Crossbows
  2494 | D:3      | Reached XP level 5. HP: 40/40 MP: 5/5
  2498 | D:3      | Reached skill level 1 in Maces & Flails
  2916 | D:4      | Noticed Pikel
  2916 | D:4      | Noticed a lemure
  2916 | D:4      | Noticed a lemure
  2916 | D:4      | Noticed a lemure
  2917 | D:4      | Noticed a lemure
  2929 | D:3      | HP: 2/41 [Pikel (2)]
  2933 | D:3      | Killed Pikel
  2934 | D:3      | Reached skill level 6 in Crossbows
  2934 | D:3      | Reached XP level 6. HP: 9/48 MP: 6/6
  2934 | D:3      | Reached XP level 7. HP: 10/54 MP: 7/7
  3432 | D:4      | Reached XP level 8. HP: 54/60 MP: 8/8
  3644 | D:4      | Noticed Natasha
  3647 | D:4      | Killed Natasha
  3801 | D:4      | Found a staircase to the Ecumenical Temple.
  3814 | Temple   | Entered the Ecumenical Temple
  3971 | D:5      | Entered Level 5 of the Dungeon
  4209 | D:5      | Reached skill level 7 in Crossbows
  4245 | D:5      | Found an iron altar of Okawaru.
  4301 | D:5      | Reached skill level 5 in Fighting
  4318 | D:5      | Became a worshipper of Warmaster Okawaru
  4868 | D:5      | Found a bloodstained altar of Trog.
  4868 | D:5      | Found a faded altar of an unknown god.
  4886 | D:5      | Found a hazy altar of Hepliaklqana.
  4892 | D:5      | Found a shimmering altar of Xom.
  4898 | D:5      | Found a snail-covered altar of Cheibriados.
  4983 | D:5      | Found a blossoming altar of Fedhas.
  5090 | D:6      | Identified the +1 ring mail of the Forest {rC+ Str+3}
  5194 | D:6      | Reached XP level 9. HP: 42/68 MP: 9/9
  5296 | D:6      | Reached skill level 5 in Maces & Flails
  5296 | D:6      | Reached skill level 8 in Crossbows
  5461 | D:6      | Reached * piety under Okawaru
  5646 | D:7      | Found a runed translucent gate.
  5646 | D:7      | Found a runed translucent gate.
  5646 | D:7      | Found a runed translucent gate.
  5646 | D:7      | Found a stormy altar of Qazlal.
  5919 | D:7      | Noticed Prince Ribbit
  5962 | D:7      | Reached skill level 1 in Invocations
  5972 | D:7      | Gained mutation: Your spells are a little easier to cast,
                  | but a little less powerful. [potion of mutation]
  5972 | D:7      | Gained mutation: You expend magic power (3 MP) to
                  | strengthen your wands. [potion of mutation]
  5972 | D:7      | Gained mutation: You possess an exceptional clarity of
                  | mind. [potion of mutation]
  6081 | D:7      | Noticed totalnoob's ghost (novice DjWr)
  6301 | D:7      | Killed Prince Ribbit
  6302 | D:7      | Reached skill level 5 in Armour
  6768 | D:7      | Reached XP level 10. HP: 77/77 MP: 9/11
  6885 | D:7      | Killed totalnoob's ghost
  6885 | D:7      | Reached ** piety under Okawaru
  6886 | D:7      | Reached skill level 9 in Crossbows
  6914 | D:7      | Identified the ring "Coxoot" {Fire rElec rN+++ Int+4 Dex-5}
  7607 | D:9      | Noticed a two-headed ogre
  7619 | D:9      | Killed a two-headed ogre
  7711 | D:9      | Noticed a deep elf pyromancer
  7720 | D:9      | Killed a deep elf pyromancer
  7720 | D:9      | Reached *** piety under Okawaru
  7966 | D:9      | Found a glowing golden altar of the Shining One.
  7969 | D:9      | Found an ornate altar of the Wu Jian Council.
  8082 | D:9      | Found a staircase to the Lair.
  8082 | D:9      | Noticed a komodo dragon
  8152 | D:9      | Killed a komodo dragon
  8153 | D:9      | Reached XP level 11. HP: 37/85 MP: 8/12
  8220 | D:9      | Noticed a two-headed ogre
  8248 | D:9      | Slain by a two-headed ogre

Illustrated notes

Levels and vault maps discovered:
D:1:      psy_arrival_spokes, layout_loops_cross,
          hellmonk_ecumenical_altar_defaced_shrine
D:2:      layout_basic
D:3:      layout_basic, serial_corexii_hall, corexii_hall_statues_t,
          chequers_hall_statues_y
D:4:      layout_loops_corners, temple_green, uniq_pikel, uniq_natasha
D:5:      layout_basic, fedhas_altar_4, chequers_temple_overflow_minitemple,
          amcnicky_altar_gilded, kennysheep_decorative_pillar
D:6:      layout_rooms
D:7:      layout_basic, nicolae_qazlal_general_emergency, gammafunk_ghost_icy,
          nrook_campfire, uniq_prince_ribbit1
D:8:      layout_basic
D:9:      layout_long_grid, minitemple, david_lair_shrubbed, grunt_ministairs_8
Temple:   nicolae_temple_god_jail

Skill      XL: |  1  2  3  4  5  6  7  8  9 10 |
---------------+-------------------------------+-----
Dodging        | 2 3 |  3.2
Armour         | 1 2 3 5 7 |  7.4
Crossbows      | 5 6 7 8 9 |  9.3
Fighting       | 4 5 6 7 |  7.6
Maces & Flails | 3 4 6 8 |  8.3
Invocations    | 1 2 |  2.3
Short Blades   | |  0.9
Stealth        | |  1.2

Action                   |  1- 3 |  4- 6 |  7- 9 | 10-12 || total
-------------------------+-------+-------+-------+-------++-------
Melee: Short sword       |    40 |       |       |       ||    40
       Mace              |    18 |     8 |       |       ||    26
       Flail             |       |    39 |       |    25 ||    64
       Whip              |       |       |   222 |   156 ||   378
       Punch             |       |       |     1 |     1 ||     2
 Fire: Hand crossbow     |    50 |    52 |   143 |    32 ||   277
Invok: Heroism           |       |       |     2 |    15 ||    17
  Use: Scroll            |       |     4 |     7 |     6 ||    17
       Potion            |       |       |     2 |     1 ||     3
Armor: Leather armour    |    23 |    13 |     9 |       ||    45
       Chain mail        |       |       |    79 |    94 ||   173
Dodge: Dodged            |    47 |    35 |    97 |    66 ||   245

Table legend: (Time is in decaauts)
 A = Elapsed time spent in this place.
 B = Non-inter-level travel time spent in this place.
 C = Inter-level travel time spent in this place.
 D = Time resting spent in this place.
 E = Time spent auto-exploring this place.
 F = Levels seen in this place.
 G = Mean time per level.
                   A        B        C        D        E       F      G
               +--------+--------+--------+--------+--------+-----+--------+
         Total |   8173 |   7844 |    329 |     84 |   6104 |  10 |  817.3 |
       Dungeon |   8075 |   7759 |    316 |     84 |   6034 |   9 |  897.2 |
        Temple |     98 |     85 |     13 |      0 |     70 |   1 |   98.0 |
               +--------+--------+--------+--------+--------+-----+--------+

Top non-repeatable levels by time:
     D:1: 1285 daAuts
     D:7: 1253 daAuts
     D:5: 1052 daAuts
     D:3: 1039 daAuts
     D:4: 930 daAuts
     D:2: 685 daAuts
     D:9: 622 daAuts
     D:8: 613 daAuts
     D:6: 593 daAuts
  Temple: 98 daAuts
